 Dungeon Crawl Stone Soup version 0.21.1-1-g345015f (webtiles) character file.

1320 yevrey the Ruffian (level 8, -5/63 HPs)
             Began as a Pale Draconian Transmuter on Apr 6, 2018.
             Was an Initiate of Sif Muna.
             Killed by divine providence
             ... invoked by an orc priest
              (12 damage)
             ... on level 5 of the Dungeon.
             The game lasted 00:18:41 (5371 turns).

yevrey the Ruffian (Pale Draconian Transmuter)      Turns: 5371, Time: 00:18:42

Health: -5/63      AC:  2    Str: 14    XL:     8   Next: 33%
Magic:  11/14      EV: 19    Int: 15    God:    Sif Muna [......]
Gold:   321        SH:  0    Dex: 16    Spells: 1/15 levels left

rFire    . . .     SeeInvis .     - Unarmed
rCold    . . .     Gourm    .   (shield currently unavailable)
rNeg     . . .     Faith    .   (armour unavailable)
rPois    x         Spirit   .   (helmet currently unavailable)
rElec    .         Reflect  .   (cloak currently unavailable)
rCorr    .         Harm     .   (gloves currently unavailable)
MR       .....                  (boots currently unavailable)
Stlth    +++.......             (no amulet)
HPRegen  0.20/turn              f - ring of wizardry
MPRegen  0.14/turn              w - ring of stealth

@: spider-form, very slightly contaminated
A: tiny, (breathe steam), unfitting armour, AC +6
a: End Transformation, Renounce Religion


You were on level 5 of the Dungeon.
You worshipped Sif Muna.
Sif Muna was noncommittal.
You were not hungry.
You were a venomous arachnid creature.
You visited 2 branches of the dungeon, and saw 7 of its levels.

You collected 321 gold pieces.

Inventory:

Hand Weapons
 y - a +0 blowgun
Missiles
 a - 88 arrows
 e - 7 curare-tipped needles
Armour
 B - a +0 pair of boots (melded)
 E - a +0 pair of gloves (melded)
Jewellery
 f - a ring of wizardry (left front leg)
 p - an uncursed ring of flight
 t - an uncursed ring of protection from cold
 w - a ring of stealth (right front leg)
 D - a +5 ring of slaying {unknown}
Wands
 A - a wand of clouds (3)
Scrolls
 h - a scroll of fog {unknown}
 i - a scroll of enchant armour {unknown}
 l - 6 scrolls of magic mapping {unknown}
 m - 2 scrolls of random uselessness {unknown}
 r - 4 scrolls of teleportation {unknown}
 s - 2 scrolls of noise {unknown}
 u - 2 scrolls of enchant weapon {unknown}
 C - a scroll of remove curse {unknown}
Potions
 d - a potion of degeneration {unknown}
 g - 3 potions of curing
 k - 4 potions of flight
 o - a potion of brilliance {unknown}
 q - a potion of ambrosia {unknown}
 x - 2 potions of experience {unknown}
 z - a potion of lignification {unknown}
Books
 b - a book of Changes

   Spells                             Type                      Level
   a - Beastly Appendage              Transmutation                1
   b - Sticks to Snakes               Transmutation                2
   c - Spider Form                    Transmutation/Poison         3
   d - Ice Form                       Ice/Transmutation            4
   e - Blade Hands                    Transmutation                5
 j - a book of Maledictions

   Spells                             Type                      Level
   a - Corona                         Hexes                        1
   b - Ensorcelled Hibernation        Hexes/Ice                    2
   c - Confuse                        Hexes                        3
   d - Tukima's Dance                 Hexes                        3
   e - Dazzling Spray                 Conjuration/Hexes            3
Comestibles
 c - 7 rations
 n - 3 chunks of flesh


   Skills:
 + Level 3.1 Fighting
 + Level 1.8 Dodging
 + Level 0.3 Stealth
 + Level 6.3 Unarmed Combat
 * Level 4.3 Spellcasting
 * Level 5.5 Transmutations
 + Level 3.9 Poison Magic


You had one spell level left.
You knew the following spells:

 Your Spells              Type           Power        Failure   Level  Hunger
a - Beastly Appendage     Tmut           ###...       3%          1    None
b - Sticks to Snakes      Tmut           ###.....     4%          2    ##.....
c - Spider Form           Tmut/Pois      ###.......   9%          3    ###....
d - Blade Hands           Tmut           ###.......   32%         5    ######.
e - Dazzling Spray        Conj/Hex       #.....       34%         3    ###....


Dungeon Overview and Level Annotations

Branches:
Dungeon (6/15)             Temple (1/1) D:4

Altars:
Ashenzari
Cheibriados
Dithmenos
Elyvilon
Fedhas
Gozag
Hepliaklqana
Kikubaaqudgha
Makhleb
Nemelex Xobeh
Okawaru
Qazlal
Ru
Sif Muna
Trog
Uskayaw
Vehumet
Wu Jian
Xom
Yredelemnul
Zin
The Shining One

Shops:
D:6 (


Innate Abilities, Weirdness & Mutations

((You can breathe blasts of scalding, opaque steam.))
((Your pale cyan-grey scales are hard. (AC +6)))
You cannot fit into any form of body armour.
((You are cold-blooded and may be slowed by cold attacks.))


Message History

The orc priest closely misses you.
The crimson imp blinks!
You bite the orc wizard!
The orc wizard is heavily wounded.
The orc wizard points at you and mumbles some strange words.
The puff of frost hits you!
The orc wizard hits you with an enchanted dagger.
The orc priest barely misses you.
The orc wizard looks braver for a moment.
The orc priest calls down the wrath of Beogh upon you.
Pain shoots through your body!
* * * LOW HITPOINT WARNING * * *
The orc wizard hits you with an enchanted dagger.
* * * LOW HITPOINT WARNING * * *
The orc wizard gestures at you while chanting.
The magic dart hits you!
* * * LOW HITPOINT WARNING * * *
The orc priest completely misses you.
The orc priest mumbles some strange prayers to Beogh against you.
Beogh smites you!
You die...

#........##### #..<...
#......###.......#####
#........#.#####.
#...........####.
#......#.#.......
#......#...#..... #
#......##....####
.!..#######.....#
.?......soo.#.#...#
....#####oZ...###..# .
#o.r##### ..
#o5##...... . ....r
.##### .....a. ##
....... .......
[..####


You could see 2 orc priests, an orc wizard, a quokka and a bullfrog skeleton.

Vanquished Creatures
  Pikel (D:5)
  A sky beast (D:5)
  2 ogres (D:4)
  2 crimson imps (D:5)
  2 bullfrog skeletons
  2 hounds
  An orc priest (D:5)
  Jessica (D:2)
  An iguana (D:5)
  An orc wizard (D:5)
  3 worker ants
  12 adders
  3 gnolls (D:3)
  A howler monkey skeleton (D:5)
  6 worms
  2 dart slugs
  6 leopard geckos
  10 orcs
  2 giant cockroaches
  10 goblins
  9 hobgoblins
  4 jackals (D:2)
  A ball python (D:3)
  4 bats
  4 frilled lizards
  12 kobolds
  7 rats
110 creatures vanquished.

Vanquished Creatures (collateral kills)
  An adder (D:3)
1 creature vanquished.

Vanquished Creatures (others)
  2 orc wizards (D:5)
  A leopard gecko (D:5)
  3 orcs (D:5)
6 creatures vanquished.

Grand Total: 117 creatures vanquished

Notes
Turn   | Place    | Note
-------+----------+-------------------------------------------
     0 | D:1      | yevrey the Draconian Transmuter began the quest for the Orb.
     0 | D:1      | Reached XP level 1. HP: 16/16 MP: 3/3
   196 | D:1      | Reached XP level 2. HP: 15/23 MP: 3/5
   204 | D:1      | Learned a level 2 spell: Sticks to Snakes
   767 | D:1      | Reached XP level 3. HP: 21/29 MP: 4/6
   772 | D:1      | Learned a level 3 spell: Spider Form
  1216 | D:2      | Noticed Jessica
  1230 | D:2      | Killed Jessica
  1478 | D:2      | Found an ornate altar of the Wu Jian Council.
  1525 | D:2      | Reached XP level 4. HP: 21/36 MP: 7/7
  2116 | D:2      | Reached skill level 1 in Poison Magic
  2427 | D:3      | Reached skill level 4 in Unarmed Combat
  2676 | D:3      | Reached XP level 5. HP: 42/42 MP: 6/9
  2973 | D:3      | Found an opulent altar of Gozag.
  3772 | D:4      | Reached XP level 6. HP: 50/50 MP: 6/10
  3850 | D:5      | Entered Level 5 of the Dungeon
  3850 | D:5      | Noticed a slave
  4370 | D:4      | Reached skill level 5 in Unarmed Combat
  4499 | D:5      | Your scales start taking on a pale cyan-grey colour.
  4499 | D:5      | Reached XP level 7. HP: 51/56 MP: 8/12
  4756 | D:4      | Found a staircase to the Ecumenical Temple.
  4766 | Temple   | Entered the Ecumenical Temple
  4866 | Temple   | Became a worshipper of Sif Muna the Loreminder
  4879 | Temple   | Learned a level 5 spell: Blade Hands
  4991 | D:5      | Noticed Pikel
  4998 | D:5      | Killed Pikel
  4998 | D:5      | Reached skill level 6 in Unarmed Combat
  4998 | D:5      | Reached skill level 5 in Transmutations
  4998 | D:5      | Reached XP level 8. HP: 61/63 MP: 7/14
  5057 | D:5      | Learned a level 3 spell: Dazzling Spray
  5146 | D:6      | Found Yckaseg's Weapon Emporium.
  5371 | D:5      | Killed from afar by an orc priest

Skill      XL: |  1  2  3  4  5  6  7 |
---------------+----------------------+-----
Fighting       | 2 3 |  3.1
Poison Magic   | 1 2 3 |  3.9
Unarmed Combat | 4 5 6 |  6.3
Transmutations | 3 4 5 |  5.5
Spellcasting   | 3 4 |  4.3
Dodging        | |  1.8
Stealth        | |  0.3

Action                   |  1- 3 |  4- 6 |  7- 9 || total
-------------------------+-------+-------+-------++-------
Melee: Unarmed           |   102 |   178 |    85 ||   365
       Tailslap          |     8 |     5 |     4 ||    17
       Headbutt          |     6 |     5 |     2 ||    13
       Kick              |     6 |       |       ||     6
       Punch             |       |       |     2 ||     2
 Cast: Beastly Appendage |    17 |     8 |     1 ||    26
       Spider Form       |     2 |    28 |     6 ||    36
       Sticks to Snakes  |       |     3 |       ||     3
       Blade Hands       |       |       |     3 ||     3
       Dazzling Spray    |       |       |     1 ||     1
 Abil: End Transformatio |       |       |     1 ||     1
  Use: Potion            |       |     1 |       ||     1
       Scroll            |       |     6 |       ||     6
 Stab: Sleeping          |       |     1 |     4 ||     5
  Eat: Chunk             |     3 |    13 |     2 ||    18
       Ration            |       |       |     1 ||     1
Armor: Skin              |    20 |    19 |    20 ||    59
Dodge: Dodged            |    70 |   120 |    41 ||   231
